zigbar, neutral male gnomish Healer ---------------- ---------- --------------- |..............| |........| |.............| ##...........^...| |.........#######-.............| # |..............| |.+......| |....>.........#########%###|..............| #.........-## ---.----------- # #---------------- --.------- B # ### ### # #@# # # # ### # ### ### ## # # # # -.------ ### ## ### |.......# # --|-------------# |......|# ## |..............|# |......|# ---------.- |..............|# |....<.|### |.........| |.....{........|# |......| # |.........| ###................# -------- ##-......(..| ---------------- |.........-# ----------- zigbar the Empiric Experience level: 3 Strength: 8 Dexterity: 10 Constitution: 14 Intelligence: 9 Wisdom: 17 Charisma: 17 Health: 0(21) Energy: 28(35) AC: 7 Gold: 1483 Moves: 1351 Your Inventory: Coins $ - 1483 gold pieces Weapons a - an uncursed +0 scalpel E - an [uncursed +0] dagger (weapon in hand) Armor b - an uncursed +1 pair of leather gloves (being worn) k - an [uncursed] +0 iron skull cap [orcish helm] (being worn) Comestibles D - 2 [uncursed] slime molds Scrolls s - an [uncursed] scroll labeled XIXAXA XOXAXA XUXAXA [of light] w - an [uncursed] scroll labeled HACKEM MUCHE [of gold detection] Spellbooks g - a blessed spellbook of healing h - a blessed spellbook of extra healing i - a blessed spellbook of stone to flesh Potions d - 4 uncursed potions of healing e - 4 uncursed potions of extra healing o - an [uncursed] amber potion [of booze] Wands f - an uncursed wand of sleep (0:4) Tools c - an uncursed stethoscope Gems l - an [uncursed] black gem [worthless glass] m - an [uncursed] black gem [obsidian] q - an [uncursed] violet gem [worthless glass] x - an [uncursed] yellow gem [worthless glass] C - 2 [uncursed] orange gems [worthless glass] Spells known in the end: Name Level Category Fail Memory a - healing 1 healing 0% [||||||||] b - extra healing 3 healing 5% [||||||||] c - stone to flesh 3 healing 27% [||||||||] Your skills at the end: Fighting Skills Weapon Skills knife [Basic / Expert] Spellcasting Skills healing spells [Basic / Expert] Final Attributes: You were devoutly aligned. Hunger level was 811. Your alignment was 16 / 16. Monster difficulty range was 0 - 3. Level difficulty was 3. You were immune to poison. You had infravision. Your luck was zero. You are dead. Vanquished creatures: an acid blob a hobbit a yellow mold a gecko 2 jackals a fox 4 kobolds 3 goblins 3 grid bugs 2 bats 2 lichens 4 newts 25 creatures vanquished. Voluntary challenges: You were illiterate. You used a wielded weapon 15 times. You put on armor 2 times. You never genocided any monsters. You never polymorphed an object. You never changed form. You used no wishes. You never wrote Elbereth's name. You never encountered a bones level. You never used any Sokoban shortcuts. Dungeon overview: The Dungeons of Doom: levels 1 to 4 Level 1 some fountains a long staircase Level 3 <- You were here a fountain History has recorded: On T:1 you entered the Dungeons of Doom to retrieve the Amulet of Yendor! On T:447 you reached level 2 of The Dungeons of Doom. On T:767 you reached level 3 of The Dungeons of Doom. On T:1103 you advanced to experience level 2. On T:1160 you reached level 4 of The Dungeons of Doom. On T:1264 you advanced to experience level 3. Latest messages: You are almost hit by a dagger. The hobbit picks up a dagger. You stop searching. [3 turns] You kill the hobbit! Welcome to experience level 3. [HP+6=21] You displaced your little dog. You see here a dagger. E - a dagger. E - a dagger (weapon in hand). [10 turns] You displaced your little dog. (2x) You hear someone counting money. (2x) [10 turns] You miss the giant bat. The giant bat bites! (2x) [HP-12=9] [HP+1=10] The giant bat bites! (2x) [HP-7=3] You fail to cast the spell correctly. The giant bat bites! (2x) You die... Final status: Goodbye zigbar the Healer... You died in The Dungeons of Doom on dungeon level 3 with 568 points, and 1483 pieces of gold, after 1351 moves. You were level 3 with a maximum of 21 hit points when you died.